 Dungeon Crawl Stone Soup version 0.20.1-1-g8b1a95d (webtiles) character file.

72 MovingMist the Distorting Demonspawn (level 4, -9/35 HPs)
             Began as a Demonspawn Abyssal Knight on Nov 15, 2017.
             Was a Believer of Lugonu.
             Mangled by Crazy Yiuf
             ... wielding a +3 quarterstaff of chaos
              (13 damage)
             ... on level 2 of the Dungeon.
             The game lasted 00:04:08 (1910 turns).

MovingMist the Distorting Demonspawn (DsAK)         Turns: 1910, Time: 00:04:10

Health: -9/35      AC:  4    Str: 12    XL:     4   Next: 6%
Magic:  7/7        EV: 13    Int: 14    God:    Lugonu [**....]
Gold:   101        SH:  0    Dex: 13    Spells: 3/3 levels left

rFire    . . .     SeeInvis .   a - +1 hand axe
rCold    . . .     Gourm    .   (no shield)
rNeg     . . .     Faith    .   b - +0 leather armour
rPois    .         Spirit   .   e - +0 helmet
rElec    .         Reflect  .   (no cloak)
rCorr    .         Harm     .   (no gloves)
MR       .....                  (no boots)
Stlth    +.........             (no amulet)
Regen    0.2/turn               (no ring)
MPRegen  0.1/turn               (no ring)

@: slowed, very slow
A: hooves 1, repulsion field 1
a: Depart the Abyss, Bend Space, Renounce Religion


You were on level 2 of the Dungeon.
You worshipped Lugonu.
Lugonu was pleased with you.
You were not hungry.

You visited 1 branch of the dungeon, and saw 2 of its levels.
You visited the Abyss 1 time.

You collected 101 gold pieces.

Inventory:

Hand Weapons
 a - a +1 hand axe (weapon)
Armour
 b - a +0 leather armour (worn)
 e - a +0 helmet (worn)
Scrolls
 f - a scroll of amnesia {unknown}
 g - a scroll of immolation {unknown}
 h - a scroll of magic mapping {unknown}
 i - 3 scrolls of identify {unknown}
 j - a scroll of remove curse {unknown}
 k - a scroll of blinking {unknown}
Potions
 d - a potion of flight {unknown}
 m - a potion of mutation {unknown}
Books
 l - a book of Misfortune

   Spells                             Type                      Level
   a - Confusing Touch                Hexes                        1
   b - Confuse                        Hexes                        3
   c - Gell's Gravitas                Translocation                3
   d - Petrify                        Transmutation/Earth          4
   e - Metabolic Englaciation         Hexes/Ice                    5
   f - Yara's Violent Unravelling     Hexes/Transmutation          5
Comestibles
 c - a bread ration
 n - a meat ration
 o - 3 chunks of flesh


   Skills:
 + Level 3.3 Fighting
 + Level 2.6 Axes
 - Level 1.7 Armour
 + Level 1.6 Dodging
 * Level 4.0 Invocations


You had 3 spell levels left.
You didn't know any spells.

Dungeon Overview and Level Annotations

Branches:
Dungeon (2/15)

Altars:

Annotations:
D:2 Crazy Yiuf


Innate Abilities, Weirdness & Mutations

You have large cloven feet.
You are surrounded by a mild repulsion field. (EV +2)


Message History

Crazy Yiuf hits you with a quarterstaff of chaos!
You feel yourself slow down.
You hit Crazy Yiuf. Your kick misses Crazy Yiuf.
Crazy Yiuf is moderately wounded.
Crazy Yiuf barely misses you. Crazy Yiuf completely misses you.
You hit Crazy Yiuf.
Crazy Yiuf is heavily wounded.
Crazy Yiuf closely misses you.
Crazy Yiuf hits you with a quarterstaff of chaos.
Crazy Yiuf freezes you.
You hit Crazy Yiuf but do no damage.
Crazy Yiuf is heavily wounded.
Crazy Yiuf barely misses you.
You hit Crazy Yiuf.
Crazy Yiuf is severely wounded.
Crazy Yiuf barely misses you.
Crazy Yiuf hits you with a quarterstaff of chaos!
* * * LOW HITPOINT WARNING * * *
You are electrocuted!
You die...

###....####.........####..)#.#
..........+.........'...>....#
###....####.........####...#.#
###.#.## ########### ##.##.#
.......# ####.# ###.##.#######
..# .........P.#.### #### #.#
###.##....P.#..##...# #.#
##..#....P.####.@g..# .#
##.##....P## ###..)#
.......#### #### ##.#####
.......# ##.....############
### ########...#>....###.#
###.#.#.##.#.## #...#.###.##


You could see Crazy Yiuf.

Vanquished Creatures
  2 adders (D:2)
  2 dart slugs
  3 leopard geckos
  A giant cockroach (D:1)
  3 goblins (D:1)
  6 hobgoblins
  11 kobolds
  2 quokkas (D:2)
  7 bats
  2 frilled lizards (D:1)
  8 rats
47 creatures vanquished.

Notes
Turn   | Place    | Note
-------+----------+-------------------------------------------
     0 | Abyss:1  | MovingMist the Demonspawn Abyssal Knight began the quest for the Orb.
     0 | Abyss:1  | Reached XP level 1. HP: 18/18 MP: 2/2
    36 | Abyss:1  | Noticed a sixfirhy
    36 | Abyss:1  | Noticed a large abomination
    39 | D:1      | Escaped the Abyss
    76 | D:1      | Reached skill level 1 in Dodging
   151 | D:1      | Reached * piety under Lugonu
   194 | D:1      | Gained mutation: You are surrounded by a mild repulsion field. (EV +2) [demonic ancestry]
   194 | D:1      | Reached XP level 2. HP: 13/24 MP: 4/4
   228 | D:1      | Reached skill level 3 in Invocations
   553 | D:1      | Reached XP level 3. HP: 26/29 MP: 5/5
   782 | D:1      | Reached ** piety under Lugonu
  1509 | D:2      | Gained mutation: You have large cloven feet. [demonic ancestry]
  1509 | D:2      | Reached XP level 4. HP: 17/35 MP: 6/6
  1846 | D:2      | Reached skill level 4 in Invocations
  1895 | D:2      | Found a runed door.
  1899 | D:2      | Noticed Crazy Yiuf
  1910 | D:2      | Mangled by Crazy Yiuf

Skill      XL: |  1  2  3  4 |
---------------+-------------+-----
Dodging        | 1 |  1.6
Axes           | 2 |  2.6
Invocations    | 3 4 |  4.0
Fighting       | |  3.3
Armour         | |  1.7

Action                   |  1- 3 |  4- 6 || total
-------------------------+-------+-------++-------
Melee: Hand axe          |   160 |    16 ||   176
       Kick              |       |     3 ||     3
Invok: Depart the Abyss  |     1 |       ||     1
  Eat: Chunk             |     2 |     1 ||     3
Armor: Leather armour    |    46 |     2 ||    48
Dodge: Dodged            |   103 |    13 ||   116
